 Dungeon Crawl Stone Soup version 0.27.1-2-g3b301248ec (webtiles) character file.

Game seed: 17332545559465494648

20077 Borgoz the Fighter (level 12, -8/120 HPs)
             Began as a Gargoyle Berserker on Sept 23, 2021.
             Was a High Priest of Trog.
             Mangled by a death yak (22 damage)
             ... on level 3 of the Lair of Beasts.
             The game lasted 00:23:38 (15911 turns).

Borgoz the Fighter (Gargoyle Berserker)            Turns: 15911, Time: 00:23:39

Health: -8/120     AC: 16    Str: 28    XL:     12   Next: 75%
Magic:  12/12      EV: 20    Int:  8    God:    Trog [*****.]
Gold:   744        SH:  0    Dex: 13    Spells: 11/11 levels left

rFire    . . .     SeeInvis .   h - +3 morningstar (vorpal)
rCold    . . .     Faith    .   (no shield)
rNeg     + . .     Spirit   .   q - +0 animal skin
rPois    ∞         Reflect  .   o - +2 hat
rElec    +         Harm     .   (no cloak)
rCorr    .         Rampage  .   f - +1 pair of gloves
Will     .....                  (no boots)
Stlth    ..........             (no amulet)
HPRegen  0.30/turn              r - +4 ring of evasion
MPRegen  0.13/turn              y - +6 ring of strength

@: berserking (expiring), very quick
A: sickness immunity, AC +8, negative energy resistance 1, electricity
resistance, torment resistance 1, petrification resistance
a: Renounce Religion, Berserk, Trog's Hand, Brothers in Arms


You were on level 3 of the Lair of Beasts.
You worshipped Trog.
Trog was extremely pleased with you.
You visited 2 branches of the dungeon, and saw 13 of its levels.
You also visited: Sewer and Bailey.

You collected 744 gold pieces.

Inventory:

Hand Weapons
 b - the +7 great sword "Jazxatzu" {flame, Int+6}
   (You found it on level 8 of the Dungeon)

   It burns those it strikes, dealing additional fire damage.
   Big, fiery blades are also staple armaments of hydra-hunters.
   Int:       It affects your intelligence (+6).
 h - a +3 vorpal morningstar (weapon)
 D - a +0 dire flail
Missiles
 w - 3 throwing nets (quivered)
Armour
 f - a +1 pair of gloves (worn)
 o - a +2 hat (worn)
 q - a +0 animal skin (worn)
 v - the +1 scale mail "Yjotoer" {Rampage rPois rC- Dex+2}
   (You found it on level 6 of the Dungeon)

   Dex:       It affects your dexterity (+2).
   rC:        It makes you vulnerable to cold.
   rPois:     It protects you from poison.
   Rampage:   It bestows one free step when moving towards enemies.
Jewellery
 r - a +4 ring of evasion (left hand)
 x - a ring of protection from fire
 y - a +6 ring of strength (right hand)
 z - a ring of protection from fire
 E - a ring of fire
Wands
 j - a wand of iceblast (3)
 A - a wand of flame (18)
 F - a wand of paralysis (8)
Scrolls
 l - a scroll of magic mapping
 p - 6 scrolls of teleportation
Potions
 c - 4 potions of curing
 d - a potion of attraction
 e - 2 potions of mutation
 g - 5 potions of heal wounds
 k - a potion of magic
 m - 2 potions of flight
 n - a potion of cancellation


   Skills:
 + Level 11.7 Fighting
 + Level 10.9 Maces & Flails
 + Level 11.5 Armour
 + Level 9.0 Dodging


You had 11 spell levels left.
You didn't know any spells.
Your spell library was empty.

Dungeon Overview and Level Annotations

Branches:
Dungeon (10/15)            Temple (0/1) D:7            Lair (3/6) D:8
 Shoals (0/4) Lair:3          Orc (0/2) D:10          Sewer (visited)
 Bailey (visited)
  Snake: Lair:2-4    Spider: Lair:2-4

Altars:
Cheibriados
Dithmenos
Elyvilon
Fedhas
Hepliaklqana
Kikubaaqudgha
Makhleb
Nemelex Xobeh
Qazlal
Ru
Trog
Uskayaw
Vehumet
Wu Jian
Xom
Yredelemnul

Shops:
D:3 :   D:10 [


Innate Abilities, Weirdness & Mutations

You are immune to sickness and miasma.
Your stone body is resilient. (AC +8)
You are immune to poison.
You resist negative energy. (rN+)
You are resistant to electric shocks. (rElec)
You are resistant to unholy torment.
You are immune to petrification.


Message History

The white imp hits you but does no damage.
You puncture the white imp!
You kill the white imp!
Trog accepts your kill. The white imp completely misses you.
A white imp comes into view.
You thump the death yak!
The death yak is lightly wounded.
The white imp gestures at you. The puff of frost hits you!
* * * LOW HITPOINT WARNING * * *
The death yak closely misses you. The white imp completely misses you.
You bludgeon the death yak!!
The death yak is heavily wounded.
The white imp gestures at you. The puff of frost misses you.
The puff of frost hits the death yak.
A white imp comes into view.
The white imp barely misses you. The death yak barely misses you.
You impale the death yak!!
The death yak is almost dead.
A nearby plant withers and dies.
The death yak gores you!!
* * * LOW HITPOINT WARNING * * *
The white imp misses you.
You sock the death yak!
You kill the death yak!
Trog accepts your kill.
A white imp comes into view.
The white imp gestures at you. The puff of frost misses you.
The puff of frost hits the death yak!
The white imp misses you. The death yak gores you.
* * * LOW HITPOINT WARNING * * *
The white imp closely misses you.
You bludgeon the death yak!!
The death yak is heavily wounded.
The white imp barely misses you.
You puncture the death yak!
The death yak is almost dead.
The white imp closely misses you. The white imp completely misses you.
The death yak gores you!!
You die...

*,,,*#.,*#......+......
#..**#.###.............
#..###..###....##....,.
##..............###..##.
#...............P###...#
*#......................
##......................
#.....55................
*#.....5@................
**P...5.5YY##.....###..#.#
*,..Y.##...###....# ##.##.
**,...,*#P.#.#....##**#..##
**,,.∩,,#5...###...# *,.....
*,,,,,,,#5...* #...#**,.....
**,,,,,,.##.#***,,.#*,,,,,,*
*,,,,,.#*###**,,,,*,*,,,,,,
*****,,****,,*,,,,*,,,,,,,,


You could see 3 death yaks and 7 white imps.

Vanquished Creatures
  4 hydras
  A centaur warrior (D:8)
  2 two-headed ogres (D:9)
  2 death yaks (Lair:3)
  Pikel (D:6)
  A black mamba (Lair:1)
  A cane toad (Lair:1)
  Psyche (D:9)
  5 komodo dragons
  A troll (D:10)
  Grinder (D:6)
  Prince Ribbit (D:9)
  2 dream sheep (D:10)
  Sigmund (D:6)
  3 wyverns
  11 yaks
  2 basilisks
  A vampire mosquito (D:8)
  Menkaure (D:5)
  An acid dragon (D:8)
  A sky beast (D:6)
  10 water moccasins
  3 black bears
  2 ice beasts (D:7)
  13 orc warriors
  2 necrophages
  2 ogres
  6 centaurs
  3 lemures
  3 phantoms
  15 bullfrogs
  4 kobold brigands
  2 gnoll sergeants
  A scorpion (D:6)
  15 killer bees
  2 electric eels (Lair:1)
  10 wights
  5 centaur zombies
  A howler monkey (D:6)
  A jelly (D:6)
  2 orc priests
  A gnoll shaman (D:4)
  5 hounds
  5 iguanas
  7 orc wizards
  3 killer bee zombies
  A hound skeleton (D:4)
  3 howler monkey zombies
  24 gnolls
  2 howler monkey skeletons
  12 adders
  A shadow imp (D:6)
  3 white imps (Lair:3)
  An adder skeleton (D:4)
  3 worms
  2 dart slugs
  31 orcs
  7 bats
  5 endoplasms
  3 giant cockroaches
  16 goblins
  9 hobgoblins
  8 jackals (Sewer)
  2 quokkas
  11 ball pythons
  6 frilled lizards
  A jackal skeleton (D:4)
  27 kobolds
  3 rats
  A spectral kobold (D:2)
349 creatures vanquished.

Vanquished Creatures (others)
  18 fungi
  35 plants
53 creatures vanquished.

Grand Total: 402 creatures vanquished

Notes
Turn   | Place    | Note
-------+----------+-------------------------------------------
     0 | D:1      | Borgoz the Gargoyle Berserker began the quest for the Orb.
     0 | D:1      | Reached XP level 1. HP: 14/14 MP: 1/1
   217 | D:1      | Reached XP level 2. HP: 19/19 MP: 2/2
   851 | D:1      | Reached XP level 3. HP: 23/23 MP: 3/3
   997 | D:2      | Found a faded altar of an unknown god.
  1620 | D:2      | Noticed a necrophage
  1630 | D:2      | Killed a necrophage
  1631 | D:2      | Reached XP level 4. HP: 15/29 MP: 4/4
  1631 | D:2      | Reached XP level 5. HP: 17/33 MP: 5/5
  1844 | D:3      | Reached ** piety under Trog
  1854 | D:3      | Found a shimmering altar of Xom.
  2204 | D:3      | Found Pump's Book Shoppe.
  2569 | D:3      | Reached XP level 6. HP: 37/39 MP: 6/6
  3231 | D:4      | Noticed a black bear
  3420 | D:4      | Reached skill level 5 in Fighting
  3420 | D:4      | Reached XP level 7. HP: 10/44 MP: 7/7
  3603 | D:4      | Found a glowing drain.
  3622 | Sewer    | Entered a sewer
  3693 | Sewer    | Reached skill level 5 in Maces & Flails
  4582 | Sewer    | Reached *** piety under Trog
  5072 | D:5      | Entered Level 5 of the Dungeon
  5213 | D:5      | Reached skill level 5 in Armour
  5343 | D:5      | Reached XP level 8. HP: 49/51 MP: 8/8
  6136 | D:5      | Noticed Menkaure
  6143 | D:5      | Killed Menkaure
  6313 | D:6      | Noticed Grinder
  6322 | D:6      | Killed Grinder
  6621 | D:6      | Noticed Pikel
  6622 | D:6      | Noticed Sigmund
  6720 | D:6      | Reached XP level 9. HP: 56/56 MP: 9/9
  6739 | D:6      | Reached skill level 5 in Dodging
  7167 | D:6      | Identified the +1 scale mail "Yjotoer" {Rampage rPois rC-
                  | Dex+2}
  7364 | D:6      | Killed Sigmund
  7647 | D:6      | Killed Pikel
  7648 | D:6      | Reached XP level 10. HP: 64/64 MP: 10/10
  8391 | D:7      | Found a staircase to the Ecumenical Temple.
  8538 | D:7      | Found a shadowy altar of Dithmenos.
  8801 | D:8      | Reached **** piety under Trog
  9086 | D:8      | Identified the +7 great sword "Jazxatzu" {flame, Int+6}
  9553 | D:8      | Found a staircase to the Lair.
 10120 | D:9      | Found a flagged portal.
 10195 | D:9      | Noticed a centaur warrior
 10269 | Bailey   | Entered a bailey
 10645 | Bailey   | Reached XP level 11. HP: 30/71 MP: 11/11
 11134 | D:8      | Killed a centaur warrior
 11505 | D:9      | Reached skill level 10 in Fighting
 11665 | D:9      | Noticed Psyche
 11676 | D:9      | Killed Psyche
 11965 | D:9      | Noticed a two-headed ogre
 11967 | D:9      | Noticed Prince Ribbit
 11973 | D:9      | Killed a two-headed ogre
 11987 | D:9      | Killed Prince Ribbit
 11988 | D:9      | Reached skill level 10 in Armour
 12224 | D:9      | Noticed a two-headed ogre
 12229 | D:9      | Killed a two-headed ogre
 12424 | D:9      | Reached ***** piety under Trog
 12787 | D:9      | Found a stormy altar of Qazlal.
 12788 | D:9      | Found a bloodstained altar of Trog.
 12790 | D:9      | Found a radiant altar of Vehumet.
 12793 | D:9      | Found a white marble altar of Elyvilon.
 12794 | D:9      | Found a sparkling altar of Nemelex Xobeh.
 12794 | D:9      | Found an ornate altar of the Wu Jian Council.
 12794 | D:9      | Found a hide-covered altar of Uskayaw.
 12794 | D:9      | Found an ancient bone altar of Kikubaaqudgha.
 12794 | D:9      | Found a blossoming altar of Fedhas.
 12795 | D:9      | Found a sacrificial altar of Ru.
 12796 | D:9      | Found a basalt altar of Yredelemnul.
 12797 | D:9      | Found a snail-covered altar of Cheibriados.
 12798 | D:9      | Found a burning altar of Makhleb.
 12799 | D:9      | Found a hazy altar of Hepliaklqana.
 12886 | D:10     | Entered Level 10 of the Dungeon
 12993 | D:10     | Found a staircase to the Orcish Mines.
 12995 | D:10     | Found Isosuen's Armour Shop.
 13030 | D:10     | Identified the +0 ring mail of Sif Muna's Whim {rC+ rN+
                  | Str+2 Int+2}
 13559 | D:10     | Noticed a two-headed hydra
 13571 | D:10     | Killed a two-headed hydra
 13572 | D:10     | Reached skill level 10 in Maces & Flails
 13700 | Lair:1   | Entered Level 1 of the Lair of Beasts
 13701 | Lair:1   | Noticed a six-headed hydra
 13713 | Lair:1   | Killed a six-headed hydra
 13714 | Lair:1   | Reached XP level 12. HP: 47/79 MP: 12/12
 14314 | Lair:1   | Noticed a seven-headed hydra
 14314 | Lair:1   | Noticed a four-headed hydra
 14330 | Lair:1   | Killed a four-headed hydra
 14334 | Lair:1   | Killed a seven-headed hydra
 15376 | Lair:2   | Noticed an eight-headed hydra
 15805 | Lair:3   | Received a gift from Trog
 15890 | Lair:3   | Noticed a death yak
 15897 | Lair:3   | Noticed a death yak
 15899 | Lair:3   | Noticed a death yak
 15900 | Lair:3   | Noticed a death yak
 15902 | Lair:3   | Noticed a death yak
 15903 | Lair:3   | Killed a death yak
 15909 | Lair:3   | Killed a death yak
 15911 | Lair:3   | Mangled by a death yak

Illustrated notes

Levels and vault maps discovered:
D:1:      amcnicky_arrival_feature_with_door, layout_loops_cross
D:2:      layout_basic, dreamdust_ecumenical_altar_drowned_temple
D:3:      layout_basic, mainiacjoe_overflow_concentric_impassable, serial_shops,
          nicolae_shop_window_shopping, small_statue_intersection,
          grunt_ministairs_9, hangedman_abyss_or_decor_stabs
D:4:      layout_layer_cave, cheibrodos_sewer_entry_bend, minmay_misc_feat_iff
D:5:      layout_basic, uniq_menkaure
D:6:      minmay_opposing_rooms, layout_cave_pools, uniq_grinder, uniq_pikel,
          uniq_sigmund
D:7:      layout_basic, mainiacjoe_overflow_alcove_1, minmay_temple_entry_grid
D:8:      layout_basic, grunt_lair_entry_orc_guard_hut
D:9:      minmay_inner_zag, layout_basic, minitemple,
          lightli_bailey_entry_fortress, minmay_chambers_of_fives,
          uniq_prince_ribbit1, uniq_psyche
D:10:     layout_cave_pools, orc_david_3, hangedman_ranch
Lair:1:   layout_roguey, dpeg_stationary_puzzle
Lair:2:   layout_cellular_growth, dummy_spider_entry, infiniplex_staircase_pool,
          serial_bayou_shore_b
Lair:3:   layout_regular_city, elwin_shoals_entry_rocks,
          portal_ice_cave_entry_imps, serial_bayou_shore_a

Skill      XL: |  1  2  3  4  5  6  7  8  9 10 11 12 |
---------------+-------------------------------------+-----
Dodging        | 2 3 4 5 7 8 9 |  9.0
Fighting       | 4 5 6 8 9 10 11 | 11.7
Armour         | 3 4 5 6 7 9 10 11 | 11.5
Maces & Flails | 4 5 6 7 8 10 | 10.9

Action                   |  1- 3 |  4- 6 |  7- 9 | 10-12 || total
-------------------------+-------+-------+-------+-------++-------
Melee: Mace              |   110 |    64 |       |       ||   174
       Flail             |       |   122 |   422 |   619 ||  1163
       Whip              |       |       |       |   167 ||   167
       Morningstar       |       |       |       |    18 ||    18
Invok: Berserk           |     1 |     6 |     7 |    13 ||    27
       Trog's Hand       |       |     5 |     5 |     8 ||    18
Evoke: Wand              |       |       |     2 |    10 ||    12
  Use: Scroll            |       |    10 |     6 |    14 ||    30
       Potion            |       |       |     1 |     4 ||     5
 Stab: Invisible         |       |       |     3 |       ||     3
Armor: Animal skin       |    51 |    88 |   140 |   283 ||   562
Dodge: Dodged            |    74 |   169 |   341 |   860 ||  1444
